 Dungeon Crawl Stone Soup version bcrawl-1.37.1 (webtiles) character file.

Game seed: 2722607958722921594

11582473 Morbidden the Eclecticist (level 24, -2/147 HPs)
             Began as a Skeleton Archaeologist on Oct 23, 2022.
             Was the Champion of Cheibriados.
             Killed from afar by a Hell Sentinel (20 damage)
             ... with an iron shot
             ... in Pandemonium on Oct 24, 2022.
             The game lasted 01:34:58 (43016 turns).

Morbidden the Eclecticist (Skeleton Archaeologist) Turns: 43016, Time: 01:34:58

Health: -2/147     AC: 31    Str: 37 (38) XL:     24   Next: 15%
Magic:  0/54       EV: 30    Int: 40 (43) God:    Cheibriados [******]
Gold:   338        SH: 40    Dex: 35      Spells: 36/60 levels left

rFire    + + .     GDR:     48% a - +12 Maxwell's thermic engine {flame, freeze}
rCold    + + +     SeeInvis +   S - +1 medium shield {rC+}
rNeg     + + +     Gourm    .   Q - +4 plate armour {rF+}
rPois    ∞         Faith    .   G - +1 helmet of the Clam {rC+ Str+4 Dex+4}
rElec    +         Spirit   +   g - +2 cloak {MR+}
rCorr    .         Reflect  +   X - +0 pair of fencer's gloves {Riposte Dex+6}
MR       +++++     Clarity  +   w - +2 pair of boots "Jaox" {rElec MP+9 Int+3}
Stlth    ++++......             i - +6 amulet of reflection
HPRegen  1.34/turn              j - ring "Hipsek" {rF+ MR+++ SInv}
MPRegen  0.34/turn              Z - ring of Yqur {EV+3 Int+4}

@: studying 3 skills, very slow
A: no food or potions, cold resistance 1, deterioration 1, negative energy
resistance 3, powered by death 2, torment resistance, unbreathing, magic shield,
sturdy frame 3, spell healing
}: 3/15 runes: serpentine, barnacled, silver
a: Bend Time, Defer, Temporal Distortion, Step From Time, Renounce Religion


You were in Pandemonium.
You worshipped Cheibriados.
Cheibriados was exalted by your worship.
You were not hungry.

You visited 10 branches of the dungeon, and saw 37 of its levels.
You visited Pandemonium 1 time, and saw 1 of its levels.
You visited 2 bazaars.
You also visited: Ossuary, Bailey, Ice Cave and Wizlab.

You collected 8650 gold pieces.
You spent 8312 gold pieces at shops.

Inventory:

Hand Weapons
 a - the +12 Maxwell's thermic engine (weapon) {flame, freeze}
   (You took it off a deep elf demonologist on level 3 of the Elven Halls)

   It has been specially enchanted to surge with flame as it hits, increasing
   damage dealt by approximately one third against foes not resistant or
   susceptible to fire.
   Its heat also prevents any hydra heads it cuts off from regrowing.
 b - a +5 blowgun
 B - the +6 scimitar of Flaming Death {sticky flame, rF++ rC- MR+}
   (You acquired it on level 3 of the Snake Pit)

   It has been specially enchanted to surge with flame as it hits, increasing
   damage dealt by approximately one third against foes not resistant or
   susceptible to fire.
   Its heat also prevents any hydra heads it cuts off from regrowing.
   It greatly protects you from fire.
   It makes you vulnerable to cold.
   It affects your resistance to hostile enchantments.
 V - the +11 double sword of Honour {flame, rElec Str+9 Dex-4 Stlth+}
   (You acquired it on level 2 of the Dungeon)

   It has been specially enchanted to surge with flame as it hits, increasing
   damage dealt by approximately one third against foes not resistant or
   susceptible to fire.
   Its heat also prevents any hydra heads it cuts off from regrowing.
   It affects your strength (+9).
   It affects your dexterity (-4).
   It insulates you from electricity.
   It makes you more stealthy.
 W - the +16 sapphire dagger {flash freeze, rF- rC++ MR+}
   (You bought it in a shop in a bazaar)

   It has been specially enchanted to freeze those struck by it, increasing
   damage dealt by approximately one third against foes not resistant or
   susceptible to cold, and potentially slowing cold-blooded foes.
   It makes you vulnerable to fire.
   It greatly protects you from cold.
   It affects your resistance to hostile enchantments.
Missiles
 d - 359 steel javelins
 f - 94 curare-tipped needles
 z - 1481 poisoned tomahawks
 F - 5 throwing nets {=f}
 P - 948 javelins (quivered)
Armour
 g - a +2 cloak of magic resistance (worn)
 w - the +2 pair of boots "Jaox" (worn) {rElec MP+9 Int+3}
   (You found it in a wizard's laboratory)

   It affects your intelligence (+3).
   It insulates you from electricity.
   It affects your magic capacity (+9).
 G - the +1 helmet of the Clam (worn) {rC+ Str+4 Dex+4}
   (You found it in a wizard's laboratory)

   It affects your strength (+4).
   It affects your dexterity (+4).
   It protects you from cold.
 Q - a +4 plate armour of fire resistance (worn)
 S - a +1 medium shield of cold resistance (worn)
 X - the +0 pair of fencer's gloves (worn) {Riposte Dex+6}
   (You acquired it on level 3 of the Elven Halls)

   It affects your dexterity (+6).
Jewellery
 i - a +6 amulet of reflection (around neck)
 j - the ring "Hipsek" (left hand) {rF+ MR+++ SInv}
   (You acquired it in a bailey)

   [ring of see invisible]

   It protects you from fire.
   It affects your resistance to hostile enchantments.
   It lets you see invisible.
 E - an uncursed ring of flight
 K - an uncursed ring of resist corrosion
 M - an uncursed ring of protection from fire
 Z - the ring of Yqur (right hand) {EV+3 Int+4}
   (You took it off a deep elf demonologist on level 3 of the Elven Halls)

   [ring of evasion]

   It affects your evasion (+3).
   It affects your intelligence (+4).
Wands
 h - a wand of flame (129)
 y - a wand of digging (68)
 H - a wand of disintegration (21)
 J - a wand of iceblast (34)
 L - a wand of acid (36)
 O - a wand of paralysis (26)
 U - a wand of clouds (10)
Scrolls
 c - 8 scrolls of teleportation
 k - 25 scrolls of remove curse
 m - 3 scrolls of enchant weapon
 n - 6 scrolls of fear
 o - 6 scrolls of magic mapping
 p - 10 scrolls of enchant armour
 q - a scroll of brand weapon
 r - 2 scrolls of immolation
 v - 2 scrolls of torment
 C - 2 scrolls of silence
 D - 7 scrolls of blinking
 N - a scroll of fog
Miscellaneous
 e - a phial of floods
 l - 3 boxes of beasts
 t - a lamp of fire
 A - 4 phantom mirrors
 I - a sack of spiders
 Y - a lightning rod (4/4)


   Skills:
 * Level 13.8 Fighting
 * Level 8.8(14.8) Short Blades
 * Level 18.7(19.3) Long Blades
   Level 4.7 Maces & Flails
 * Level 10.7 Throwing
 * Level 13.3 Armour
 * Level 12.5 Dodging
 + Level 11.5 Stealth
 * Level 18.8 Shields
 * Level 18.8 Spellcasting
 * Level 13.6 Conjurations
 * Level 12.6 Ice Magic
 * Level 9.1 Air Magic
 * Level 11.0 Invocations
 * Level 10.9 Evocations


You had 36 spell levels left.
You knew the following spells:

 Your Spells              Type           Power        Failure   Level  Hunger
a - Throw Icicle          Conj/Ice       #######.     1%          4    N/A
b - Airstrike             Air            #######...   1%          4    N/A
c - Chain Lightning       Conj/Air       #######...   95%         8    N/A
e - Throw Frost           Conj/Ice       ######       1%          2    N/A
z - Ozocubu's Refrigerat  Ice            #######...   3%          6    N/A

Your spell library contained the following spells:

 Spells                   Type           Power        Failure   Level  Hunger
 Magic Dart               Conj           ####         0%          1    N/A
 Freeze                   Ice            ######       1%          1    N/A
 Static Discharge         Air            ######       1%          1    N/A
 Sting                    Conj/Pois      ####         1%          1    N/A
 Ensorcelled Hibernation  Hex/Ice        ######       1%          2    N/A
 Poisonous Vapours        Pois/Air       ######       1%          2    N/A
 Searing Ray              Conj           #######.     1%          2    N/A
 Shock                    Conj/Air       #######      1%          2    N/A
 Swiftness                Chrm/Air       ######..     1%          2    N/A
 Iskenderun's Mystic Bla  Conj           #######.     1%          3    N/A
 Mephitic Cloud           Conj/Pois/Air  #######.     1%          3    N/A
 Ozocubu's Armour         Chrm/Ice       ######..     1%          3    N/A
 Stone Arrow              Conj/Erth      ######       1%          3    N/A
 Lightning Bolt           Conj/Air       #######.     1%          4    N/A
 Freezing Cloud           Ice/Air        #######.     1%          5    N/A
 Fulminant Prism          Conj/Hex       #######...   2%          4    N/A
 Sticky Flame             Conj/Fire      #######.     2%          4    N/A
 Summon Ice Beast         Ice/Summ       ######..     3%          4    N/A
 Apportation              Tloc           #####.       4%          1    N/A
 Blink Other              Tloc           #####.       4%          1    N/A
 Corona                   Hex            #####..      4%          1    N/A
 Infusion                 Chrm           #####...     4%          1    N/A
 Necrotize                Necr           #####.       4%          1    N/A
 Sandblast                Erth           #####.       4%          1    N/A
 Slow                     Hex            #####...     4%          1    N/A
 Summon Butterflies       Summ           #####...     4%          1    N/A
 Conjure Ball Lightning   Conj/Air       #######...   6%          6    N/A
 Blink                    Tloc           N/A          7%          2    N/A
 Corpse Rot               Necr           N/A          7%          2    N/A
 Passwall                 Tmut/Erth      #####...     7%          2    N/A
 Sticks to Snakes         Tmut           #####...     7%          2    N/A
 Bolt of Draining         Conj/Necr      #######...   8%          5    N/A
 Fireball                 Conj/Fire      #######...   8%          5    N/A
 Irradiate                Conj/Tmut      #######...   8%          5    N/A
 Venom Bolt               Conj/Pois      #######...   8%          5    N/A
 Ignite Poison            Fire/Tmut/Pois #####...     13%         3    N/A
 Portal Projectile        Tloc           #####.       13%         3    N/A
 Teleport Other           Tloc           #####...     13%         3    N/A
 Orb of Destruction       Conj           #######...   14%         7    N/A
 Icicle Burst             Conj/Ice       #######...   17%         7    N/A
 Bolt of Magma            Conj/Fire/Erth ######....   19%         5    N/A
 Silence                  Hex/Air        ######....   19%         5    N/A
 Summon Lightning Spire   Summ/Air       ######..     19%         5    N/A
 Poison Arrow             Conj/Pois      #######...   38%         6    N/A
 Olgreb's Toxic Radiance  Pois           #####....    41%         4    N/A
 Petrify                  Tmut/Erth      #####.....   41%         4    N/A
 Summon Scorpions         Summ/Pois      #####...     41%         4    N/A
 Simulacrum               Ice/Necr       ######..     45%         6    N/A
 Deflect Missiles         Chrm/Air       ######....   71%         6    N/A
 Passage of Golubria      Tloc           N/A          77%         5    N/A
 Summon Forest            Summ/Tloc      #####.....   77%         5    N/A
 Spellforged Servitor     Conj/Summ      #######...   92%         7    N/A
 Glaciate                 Conj/Ice/Air   #######...   92%         8    N/A
 Borgnjor's Vile Clutch   Necr/Erth      #####.....   100%        6    N/A
 Darkness                 Hex            #####.....   100%        6    N/A
 Infestation              Hex/Tmut/Pois  #####....    100%        6    N/A
 Summon Hydra             Summ           #####.....   100%        6    N/A
 Virulence                Hex/Pois       #####...     100%        6    N/A
 Shadow Creatures         Summ           N/A          100%        7    N/A
 Lehudib's Crystal Spear  Conj/Erth      #######...   100%        8    N/A
 Time Stop                Chrm/Tloc      N/A          100%        8    N/A
 Tornado                  Tloc/Air       ######....   100%        8    N/A
 Fire Storm               Conj/Fire      #######...   100%        9    N/A
 Ice Form                 Ice/Tmut       Unusable     N/A         4    N/A
 Beastly Appendage        Tmut           Unusable     N/A         1    N/A
 Sublimation of Blood     Necr           Unusable     N/A         2    N/A
 Spider Form              Tmut/Pois      Unusable     N/A         3    N/A
 Tree Form                Hex/Tmut       Unusable     N/A         4    N/A
 Blade Hands              Tmut           Unusable     N/A         5    N/A
 Necromutation            Tmut/Necr      Unusable     N/A         8    N/A

Dungeon Overview and Level Annotations

Branches:
Dungeon (12/12)            Temple (1/1) D:4            Lair (6/6) D:7
 Shoals (3/3) Lair:3        Snake (3/3) Lair:4        Slime (0/5) Lair:6
    Orc (1/1) D:8             Elf (3/3) Orc          Vaults (3/3) D:12
  Crypt (2/2) Vaults:1       Tomb (0/3) Crypt:2      Depths (3/5) D:12

Altars:
Ashenzari
Cheibriados
Dithmenos
Gozag
Hepliaklqana
Kikubaaqudgha
Lugonu
Makhleb
Nemelex Xobeh
Okawaru
Qazlal
Ru
Sif Muna
Trog
Uskayaw
Vehumet
Wu Jian
Xom
Yredelemnul
Jiyva

Shops:
D:6 }   Orc ([[(   Elf:1 *(:   Vaults:1 (}   Vaults:3 [   Depths:2 %

Portals:
Hell: Depths:1 Depths:2 Depths:3
Pandemonium: Depths:3
Ziggurat: Depths:3
Trove: Vaults:1 (give +8 bardiche)

Annotations:
Lair:5 exclusion: 3 oklob plants
Elf:2 5 runed doors


Innate Abilities, Weirdness & Mutations

You do not eat or drink.
You are immune to poison.
Your flesh is cold resistant. (rC+)
Your body sometimes deteriorates upon taking damage.
You are immune to negative energy. (rN+++)
You regenerate health from kills.
You are immune to unholy pain and torment.
You can survive without breathing.
When hurt, damage is shared between your health and your magic reserves.
Your movements are significantly less encumbered by armour. (ER -6)
Casting spells heals you.


Message History

You riposte.
You hit the Hell Sentinel.
The Hell Sentinel is lightly wounded.
The Hell Sentinel closely misses you.
The +0 demon trident of distortion hits you but does no damage.
You feel strangely stable. You block the orange demon's attack.
The monstrous corrupter misses you.
You riposte.
The monstrous corrupter blocks your attack.
The monstrous corrupter is almost dead.
You block the monstrous corrupter's attack.
The monstrous corrupter gores you!
* * * LOW HITPOINT WARNING * * *
No path to travel!
No path to travel!
No path to travel!
No path to travel!
The ancient champion disappears in a puff of smoke!
You block the +0 demon trident of distortion's attack.
The Hell Sentinel gestures at you. The iron shot hits you!!
You die...

.........##4(#####.......
.........#...# #.......
.#......##'### #.......
##.....#P..# #?......
#######...# #.......
######4#### ######## #
....4(.............#
#..#.#6#6#.#.#.#.#.#.#
#....@.16............#
#..#3#6#3#.#.#.#.#.#.#
... ....§M......%......#
. .........2...........#
..8..........∩..........
.......................#
.......................#
..#..#################..
#XX1#.#


You could see a Hell Sentinel, a green death, 2 demonspawn, a mummy priest, 2
demonspawn, a soul eater, an orange demon, a smoke demon (berserk), a chaos
spawn and a +0 demon trident of distortion.

Vanquished Creatures
  2 juggernauts (Vaults:3)
  An ancient lich (WizLab)
  Bai Suzhen (Vaults:2)
  Saint Roka (Vaults:2)
  A curse toe (Crypt:2)
  Nikola (Vaults:1)
  A bone dragon (Crypt:2)
  the Enchantress (Depths:2)
  2 Shadow Fiends (Pan)
  Frances (Shoals:2)
  A tentacled monstrosity (Vaults:3)
  Jorgrun (Snake:3)
  A deep elf blademaster (Elf:3)
  An Ice Fiend (Pan)
  6 liches
  7 ancient champions
  A titan (Vaults:3)
  Asterion (Snake:3)
  5 sphinxes
  5 krakens
  2 Executioners (Pan)
  Kirke (Lair:6)
  13 nagarajas
  2 storm dragons
  5 tengu reavers (Vaults:3)
  A revenant (Crypt:1)
  A balrug (Depths:3)
  5 war gargoyles
  10 fire giants
  5 deep elf sorcerers
  7 frost giants
  9 vault wardens
  2 orc warlords
  6 ghouls
  A curse skull (Crypt:2)
  2 deep elf elementalists (Elf:3)
  7 stone giants
  16 ironheart preservers
  A reaper (Crypt:2)
  11 very ugly things
  5 spriggan defenders (Depths:2)
  8 vampire knights
  A juggernaut skeleton (Crypt:2)
  Nessos (Lair:4)
  6 deep elf demonologists
  A lorocyproca (Pan)
  13 dire elephants
  12 deep elf annihilators
  An entropy weaver (Vaults:2)
  2 minotaurs (Shoals:3)
  An ettin (shapeshifter) (Depths:2)
  3 mutant beasts (D:12)
  A blizzard demon (Pan)
  7 merfolk impalers
  A merfolk javelineer (Shoals:3)
  5 deep elf death magi
  3 jiangshi (Crypt:2)
  5 eidola
  A green death (Depths:3)
  4 crystal guardians
  3 mummy priests (WizLab)
  13 ettins
  Josephine (Lair:4)
  4 deep elf high priests
  5 yaktaur captains
  Urug (D:11)
  3 fire dragons
  5 rakshasas
  Fannar (Lair:1)
  5 ice dragons
  Psyche (D:8)
  Harold (Lair:4)
  A catoblepas (Lair:5)
  2 spriggan air magi (Depths:2)
  28 vault guards
  A caustic shrike simulacrum (Depths:3)
  6 hydras
  19 naga warriors
  4 great orbs of eyes
  6 anacondas
  7 ogre magi
  A merfolk aquamancer (Shoals:1)
  Sonja (Lair:3)
  4 merfolk avatars
  3 alligator snapping turtles
  4 shadow wraiths
  9 two-headed ogres
  18 dancing weapons
  12 satyrs
  A death knight (Vaults:2)
  4 tengu warriors
  An alligator (Lair:6)
  A death yak (IceCv)
  6 spriggan berserkers
  4 sea snakes
  3 orc high priests (Orc)
  2 vampire magi
  2 deep troll earth magi
  A deep troll shaman (Depths:1)
  A shock serpent (Snake:1)
  12 deep trolls
  20 naga sharpshooters
  5 ironheart beastmasters
  Nergalle (Lair:1)
  9 deep elf knights
  A soul eater (Crypt:2)
  10 skeletal warriors
  2 salamander mystics
  17 centaur warriors
  A sixfirhy (Pan)
  2 sun demons (Depths:3)
  A fire crab (Shoals:2)
  2 goliath frogs
  2 unseen horrors
  10 hell knights
  3 flayed ghosts
  An unseen horror (shapeshifter) (Depths:2)
  A glowing orange brain (Vaults:3)
  5 ironheart convokers
  7 naga ritualists
  12 deep elf archers
  An obsidian statue (Snake:3)
  5 phantasmal warriors
  A golden dragon skeleton (Depths:3)
  Pikel (D:6)
  4 lindwurms (Lair:3)
  5 necromancers
  5 orc knights
  An anaconda skeleton (Crypt:1)
  A cyclops (Orc)
  An iron dragon zombie (Depths:2)
  3 frost giant zombies
  8 harpies
  4 mana vipers
  42 deep elf magi
  6 orc sorcerers
  48 ugly things
  16 fauns
  15 wizards
  A human zombie (Vaults:3)
  10 manticores
  4 merfolk sirens
  An iron dragon skeleton (Depths:2)
  20 black mambas
  A demonspawn zombie (WizLab)
  5 guardian serpents (Snake:3)
  A frost giant skeleton (Vaults:3)
  A stone giant skeleton (Vaults:3)
  4 salamanders
  A stone giant zombie (Crypt:2)
  12 elephants
  16 vault sentinels
  A water nymph (shapeshifter) (Depths:1)
  An ice statue (IceCv)
  10 naga magi
  Joseph (Lair:1)
  2 water nymphs (Shoals:1)
  14 cane toads
  A smoke demon (Pan)
  A dire elephant skeleton (Crypt:2)
  A demonic crawler (Pan)
  An orange demon (Pan)
  8 rime drakes
  9 freezing wraiths
  A komodo dragon (shapeshifter) (Depths:1)
  31 yaktaurs
  An eye of draining (shapeshifter) (D:11)
  3 tengu conjurers
  An eye of draining (Pan)
  5 guardian mummies
  13 komodo dragons
  A queen bee (shapeshifter) (Elf:3)
  A queen ant zombie (Crypt:1)
  A red devil (Pan)
  A harpy zombie (D:12)
  22 polar bears
  7 trolls
  A shadow dragon simulacrum (Crypt:2)
  15 merfolk
  A moth of wrath zombie (Crypt:1)
  A wolf spider simulacrum (Crypt:2)
  8 wind drakes
  A wind drake (shapeshifter) (Depths:1)
  Grinder (D:6)
  12 hornets
  4 snapping turtles
  A frost giant simulacrum (Depths:3)
  A dream sheep (shapeshifter) (Elf:2)
  16 slime creatures
  An alligator zombie (Crypt:2)
  10 hippogriffs
  5 blink frogs (Lair:3)
  A meliai zombie (D:10)
  3 harpy skeletons
  3 deep troll zombies (WizLab)
  A fire giant simulacrum (Crypt:2)
  2 spriggan zombies (WizLab)
  8 spriggans
  2 air elementals
  Sigmund (D:2)
  3 large abominations (Pan)
  A wind drake zombie (Crypt:2)
  3 ynoxinuls (Pan)
  3 wyverns
  2 shadows
  8 wraiths
  4 vampires (Crypt:2)
  29 yaks
  12 water elementals
  5 basilisks
  A tarantella (Vaults:2)
  Eustachio (D:6)
  3 hogs (D:8)
  A human (D:8)
  2 fire elementals (Elf:1)
  A hungry ghost (D:5)
  A vampire mosquito (D:11)
  4 steam dragons (Shoals:1)
  A chaos spawn (Pan)
  A swamp worm (shapeshifter) (Vaults:3)
  2 wargs (Vaults:2)
  A warg (shapeshifter) (Vaults:2)
  57 nagas
  A torturous demonspawn zombie (WizLab)
  18 crocodiles
  2 acid dragons
  A water nymph zombie (Crypt:2)
  11 water moccasins
  12 porcupines
  A water nymph skeleton (Crypt:2)
  3 black bears
  An ice beast (shapeshifter) (Depths:2)
  3 ice beasts
  An infernal demonspawn skeleton (Crypt:2)
  30 orc warriors
  A sky beast (shapeshifter) (Depths:3)
  A hornet zombie (D:11)
  A black bear (shapeshifter) (Vaults:1)
  7 ogres
  A phantom (D:6)
  7 boggarts (Depths:2)
  8 necrophages
  47 wolves
  17 bullfrogs
  A kobold brigand (D:11)
  A rime drake zombie (Crypt:1)
  A bullfrog (shapeshifter) (Vaults:3)
  A gnoll sergeant (Orc)
  A draconian skeleton (Crypt:2)
  4 earth elementals
  10 centaurs
  A cyclops zombie (Crypt:1)
  5 scorpions
  2 tengu zombies (WizLab)
  8 killer bees
  A vampire bat (Lair:4)
  20 wights
  2 electric eels (Lair:4)
  6 howler monkeys
  7 orc priests
  A bullfrog zombie (D:6)
  7 crimson imps
  2 human simulacra (Vaults:1)
  4 hounds
  5 jellies
  A bullfrog skeleton (D:8)
  A gnoll shaman (D:8)
  15 orc wizards
  4 iguanas
  3 worker ants
  8 hell rats (Lair:2)
  A porcupine skeleton (D:10)
  A killer bee zombie (Crypt:1)
  An ogre zombie (Crypt:1)
  A hound zombie (D:5)
  3 hound skeletons
  23 mummies
  Robin (D:3)
  25 gnolls
  10 adders
  16 river rats (Lair:2)
  A steam dragon skeleton (Crypt:2)
  4 shadow imps
  3 adder skeletons
  3 worms
  A dart slug (D:2)
  5 leopard geckos
  59 orcs
  4 giant cockroaches
  26 goblins
  15 hobgoblins
  10 jackals
  18 kobolds
  12 quokkas
  2 ball pythons
  A ball python skeleton (D:4)
  15 bats
  3 frilled lizards
  A gnoll skeleton (Ossuary)
  A goblin skeleton (Ossuary)
  A hobgoblin skeleton (Crypt:1)
  4 kobold skeletons
  3 orc skeletons (Ossuary)
  12 rats
  11 rat skeletons (Ossuary)
  A plant (Lair:5)
  20 tentacles
1789 creatures vanquished.

Vanquished Creatures (collateral kills)
  Aizul (Snake:3)
  A black mamba (Snake:3)
2 creatures vanquished.

Vanquished Creatures (others)
  A lich (Vaults:3)
  A deep elf master archer (Elf:3)
  A frost giant (Vaults:3)
  An ironheart preserver (Vaults:3)
  4 stone giants
  A deep elf annihilator (Elf:3)
  A deep elf demonologist (Elf:3)
  A deep elf high priest (Elf:3)
  7 yaktaur captains
  A two-headed ogre (Depths:2)
  2 centaur warriors
  2 deep elf archers
  2 cyclopes
  A faun (Depths:2)
  A salamander (Snake:3)
  7 yaktaurs
  4 humans (Lair:6)
  A fire elemental (Elf:3)
  A naga (Snake:3)
  2 slaves (D:6)
  A boggart (Depths:2)
  An orc priest (Orc)
  An orc wizard (Orc)
  3 demonic plants (Pan)
  24 fungi
  28 plants
  18 tentacles
118 creatures vanquished.

Grand Total: 1909 creatures vanquished

Notes
Turn   | Place    | Note
-------+----------+-------------------------------------------
     0 | D:1      | Morbidden the Skeleton Archaeologist began the quest for
                  | the Orb.
     0 | D:1      | Reached XP level 1. HP: 12/12 MP: 1/1
   167 | D:1      | Reached XP level 2. HP: 16/16 MP: 2/2
  1001 | D:2      | Reached XP level 3. HP: 19/20 MP: 3/3
  1055 | D:2      | Noticed Sigmund
  1536 | D:2      | Reached skill level 1 in Armour
  1536 | D:2      | Reached skill level 1 in Spellcasting
  1536 | D:2      | Reached XP level 4. HP: 14/26 MP: 2/5
  1673 | D:2      | Killed Sigmund
  1674 | D:2      | Reached XP level 5. HP: 27/31 MP: 6/8
  1674 | D:2      | Identified a scroll of acquirement
  1678 | D:2      | Identified the +11 double sword of Honour {flame, rElec
                  | Str+9 Dex-4 Stlth+} (You acquired it on level 2 of the
                  | Dungeon)
  1678 | D:2      | Identified the ring "Tyniblip" {rF+ rC- Dex+6} (You
                  | acquired it on level 2 of the Dungeon)
  1731 | D:2      | Found a faded altar of an unknown god.
  2023 | D:3      | Gained mutation: You regenerate a little health from kills.
                  | [Skeleton growth]
  2023 | D:3      | Reached XP level 6. HP: 14/36 MP: 4/9
  2243 | D:3      | Reached skill level 1 in Long Blades
  2324 | D:3      | Noticed Robin
  2329 | D:3      | Killed Robin
  3173 | D:4      | Got a masterwork hunting sling
  3185 | D:4      | Identified the cursed +0 hunting sling of Impermanence
                  | {speed, rElec Str+3} (You found it on level 4 of the
                  | Dungeon)
  3193 | D:4      | Found a staircase to the Ecumenical Temple.
  3205 | Temple   | Entered the Ecumenical Temple
  3482 | Temple   | Became a worshipper of Cheibriados the Contemplative
  3619 | D:4      | Reached XP level 7. HP: 41/41 MP: 11/11
  3876 | D:5      | Entered Level 5 of the Dungeon
  3891 | D:5      | Found a sand-covered staircase.
  3896 | Ossuary  | Entered an ossuary
  4016 | Ossuary  | Reached * piety under Cheibriados
  4200 | D:5      | Noticed a hippogriff
  4204 | D:5      | Killed a hippogriff
  4205 | D:5      | Reached skill level 5 in Long Blades
  4344 | D:5      | Noticed a hungry ghost
  4348 | D:5      | Killed a hungry ghost
  4349 | D:5      | Reached XP level 8. HP: 46/46 MP: 13/13
  4401 | D:5      | Noticed a troll
  4406 | D:5      | Killed a troll
  4407 | D:5      | Reached skill level 5 in Dodging
  4407 | D:5      | Reached skill level 1 in Invocations
  4407 | D:5      | Reached skill level 1 in Evocations
  4695 | D:5      | Got a masterwork leather armour
  4777 | D:5      | Identified the +2 leather armour of Tartarus {Int+2} (You
                  | found it on level 5 of the Dungeon)
  4816 | D:6      | Found Elotef's Gadget Boutique.
  4816 | D:6      | Noticed Pikel
  4825 | D:6      | Killed Pikel
  4826 | D:6      | Reached skill level 5 in Stealth
  4832 | D:6      | Reached XP level 9. HP: 44/52 MP: 10/15
  4910 | D:6      | Reached ** piety under Cheibriados
  4985 | D:6      | Noticed Grinder
  4992 | D:6      | Killed Grinder
  4993 | D:6      | Noticed Eustachio
  5010 | D:6      | Killed Eustachio
  5428 | D:7      | Learned a level 2 spell: Throw Frost
  5613 | D:7      | Reached skill level 5 in Spellcasting
  5843 | D:7      | Reached skill level 5 in Armour
  5904 | D:7      | Found a staircase to the Lair.
  5906 | D:7      | Reached skill level 1 in Conjurations
  5911 | D:7      | Reached skill level 5 in Fighting
  5911 | D:7      | Reached skill level 1 in Ice Magic
  6001 | D:7      | Gained mutation: Your movements are less encumbered by
                  | armour. (ER -4) [Skeleton growth]
  6001 | D:7      | Reached XP level 10. HP: 48/59 MP: 6/18
  6204 | D:7      | Reached *** piety under Cheibriados
  6609 | D:7      | Got a bronze scale mail
  6760 | D:7      | Found a sacrificial altar of Ru.
  6836 | D:8      | Reached skill level 10 in Long Blades
  6876 | D:8      | Found a flagged portal.
  6891 | Bailey   | Entered a bailey
  6915 | Bailey   | Reached **** piety under Cheibriados
  6998 | Bailey   | Reached ***** piety under Cheibriados
  7047 | Bailey   | Noticed an orc warlord
  7049 | Bailey   | Noticed an orc knight
  7119 | Bailey   | Killed an orc knight
  7264 | Bailey   | Killed an orc warlord
  7265 | Bailey   | Reached XP level 11. HP: 65/65 MP: 18/20
  7333 | Bailey   | Identified the amulet of Zosejof {Faith Str+10 Slay+3
                  | Stlth-} (You acquired it in a bailey)
  7350 | Bailey   | Identified the +4 scale mail "Wocles" {rElec Dex+4} (You
                  | found it on level 7 of the Dungeon)
  7351 | Bailey   | Identified the ring "Hipsek" {rF+ MR+++ SInv} (You acquired
                  | it in a bailey)
  7459 | D:8      | Found a shimmering altar of Xom.
  7495 | D:8      | Found a staircase to the Orcish Mines.
  7629 | D:8      | Noticed Psyche
  7635 | D:8      | Noticed a purple ugly thing
  7636 | D:8      | Killed Psyche
  7642 | D:8      | Killed a purple ugly thing
  7814 | D:8      | Learned a level 4 spell: Throw Icicle
  8022 | D:8      | Reached skill level 1 in Throwing
  8139 | Lair:1   | Entered Level 1 of the Lair of Beasts
  8172 | Lair:1   | Reached ****** piety under Cheibriados
  8223 | Lair:1   | Noticed Joseph
  8233 | Lair:1   | Killed Joseph
  8260 | Lair:1   | Noticed Nergalle
  8284 | Lair:1   | Killed Nergalle
  8507 | Lair:1   | Got a twisted quarterstaff
  8530 | Lair:1   | Noticed Fannar
  8542 | Lair:1   | Killed Fannar
  9234 | Lair:2   | Reached XP level 12. HP: 72/72 MP: 11/23
 10014 | Lair:3   | Noticed Sonja
 10019 | Lair:3   | Killed Sonja
 10036 | Lair:3   | Reached skill level 5 in Conjurations
 10349 | Lair:3   | Got a slimy flail
 10470 | Lair:3   | Found a staircase to the Shoals.
 10734 | Lair:3   | Reached skill level 5 in Invocations
 10996 | Lair:4   | Noticed a seven-headed hydra
 11002 | Lair:4   | Noticed Nessos
 11004 | Lair:4   | Killed a five-headed hydra
 11020 | Lair:4   | Killed Nessos
 11022 | Lair:4   | Noticed a six-headed hydra
 11026 | Lair:4   | Killed a four-headed hydra
 11112 | Lair:4   | Reached XP level 13. HP: 79/79 MP: 25/25
 11123 | Lair:4   | Noticed Josephine
 11138 | Lair:4   | Killed Josephine
 11232 | Lair:4   | Found a staircase to the Snake Pit.
 11241 | Lair:4   | Reached skill level 5 in Ice Magic
 11443 | Lair:4   | Noticed Harold
 11456 | Lair:4   | Killed Harold
 11748 | Lair:3   | Identified the Incunabulum of the Blind Marksman
 11757 | Lair:3   | Identified the Tome of Cloudy Malediction
 11791 | Lair:4   | Identified the +2 pair of gloves of Wuroem {Int+3} (You
                  | acquired it on level 4 of the Lair of Beasts)
 11791 | Lair:4   | Identified the ring "Bisuny Upsu" {MR- EV+4 Int+4} (You
                  | acquired it on level 4 of the Lair of Beasts)
 11824 | Lair:5   | Reached skill level 5 in Evocations
 11841 | Lair:5   | Reached skill level 1 in Shields
 12241 | Lair:5   | Learned a level 8 spell: Chain Lightning
 12772 | Lair:6   | Entered Level 6 of the Lair of Beasts
 12816 | Lair:6   | Found a glowing silver altar of Zin.
 12816 | Lair:6   | Found a staircase to the Slime Pits.
 12816 | Lair:6   | Found a viscous altar of Jiyva.
 12841 | Lair:6   | Noticed Kirke
 12851 | Lair:6   | Killed Kirke
 12873 | Lair:6   | Reached skill level 1 in Air Magic
 12885 | Lair:6   | Reached XP level 14. HP: 20/84 MP: 6/27
 12913 | Lair:6   | Found a frozen archway.
 12977 | IceCv    | Entered an ice cave
 13165 | IceCv    | Reached skill level 5 in Shields
 13612 | IceCv    | Noticed a frost giant
 13625 | IceCv    | Killed a frost giant
 13626 | IceCv    | Reached skill level 10 in Spellcasting
 14807 | D:9      | Found a shadowy altar of Dithmenos.
 15288 | D:10     | Entered Level 10 of the Dungeon
 16172 | D:11     | Found a hazy altar of Hepliaklqana.
 16349 | D:11     | Noticed Urug
 16362 | D:11     | Killed Urug
 16490 | D:11     | Reached skill level 5 in Throwing
 16553 | D:11     | Reached XP level 15. HP: 84/89 MP: 26/29
 16880 | D:12     | Entered Level 12 of the Dungeon
 17289 | D:12     | Found a staircase to the Depths.
 17534 | D:12     | Found a runed translucent door.
 17534 | D:12     | Found a gate to the Vaults.
 17534 | D:12     | Noticed a mature shockbat beast
 18042 | Orc      | Entered the Orcish Mines
 18347 | Orc      | Found a staircase to the Elven Halls.
 18768 | Orc      | Learned a level 6 spell: Ozocubu's Refrigeration
 19211 | Orc      | Found Gomixag's Antique Armour Shoppe.
 19211 | Orc      | Found Walemubu's Weapon Shop.
 19213 | Orc      | Found Fogocoubb's Antique Weapon Shoppe.
 19213 | Orc      | Found Tuaqa's Antique Armour Shop.
 19223 | Orc      | Bought a buzzing plate armour for 840 gold pieces
 19238 | Orc      | Identified the +7 plate armour "Ficoq" {-Tele rPois MR+++
                  | Regen+} (You bought it in a shop in the Orcish Mines)
 19330 | Orc      | Bought a shiny helmet for 202 gold pieces
 19343 | Orc      | Bought a shiny helmet for 225 gold pieces
 19711 | Snake:1  | Entered Level 1 of the Snake Pit
 19740 | Snake:1  | Reached skill level 15 in Long Blades
 20027 | Snake:1  | Noticed a nagaraja
 20034 | Snake:1  | Killed a nagaraja
 20764 | Snake:2  | Reached skill level 10 in Stealth
 21266 | Snake:3  | Entered Level 3 of the Snake Pit
 21299 | Snake:3  | Noticed a nagaraja
 21308 | Snake:3  | Killed a nagaraja
 21351 | Snake:3  | Identified Morbidden's Guide on Poisonous Boosts (You
                  | acquired it on level 3 of the Snake Pit)
 21352 | Snake:3  | Found the +6 scimitar of Flaming Death {sticky flame, rF++
                  | rC- MR+}
 21365 | Snake:3  | Gained mutation: You regenerate health from kills.
                  | [Skeleton growth]
 21365 | Snake:3  | Reached XP level 16. HP: 88/96 MP: 25/32
 21556 | Snake:3  | Reached skill level 10 in Fighting
 21651 | Snake:3  | Noticed Asterion
 21654 | Snake:3  | Noticed an Executioner
 21664 | Snake:3  | Killed Asterion
 21693 | Snake:3  | Noticed Aizul
 21697 | Snake:3  | Killed Aizul
 21701 | Snake:3  | Noticed Jorgrun
 21712 | Snake:3  | Killed Jorgrun
 21750 | Snake:3  | Reached skill level 10 in Shields
 21928 | Snake:3  | Found a gateway to a bazaar.
 22341 | Snake:3  | Reached XP level 17. HP: 103/103 MP: 32/34
 22786 | Snake:3  | Got a serpentine rune of Zot
 22981 | Shoals:1 | Entered Level 1 of the Shoals
 23040 | Shoals:1 | Identified the +1 leather armour of Muthuv {Dex+3 SInv}
 23095 | Shoals:1 | Reached skill level 10 in Armour
 23351 | Shoals:1 | Identified the ring "Feosepif" {MP+9 Stlth--}
 23725 | Shoals:1 | Noticed a kraken
 23746 | Shoals:1 | Killed a kraken
 24035 | Shoals:2 | Noticed Frances
 24053 | Shoals:2 | Killed Frances
 24202 | Shoals:2 | Noticed a kraken
 24360 | Shoals:2 | Killed a kraken
 24398 | Shoals:2 | Noticed a kraken
 24412 | Shoals:2 | Killed a kraken
 24472 | Shoals:2 | Noticed a kraken
 24487 | Shoals:2 | Killed a kraken
 24531 | Shoals:2 | Noticed a kraken
 24546 | Shoals:2 | Killed a kraken
 25066 | Shoals:2 | Reached skill level 10 in Dodging
 25066 | Shoals:2 | Reached skill level 5 in Air Magic
 25225 | Shoals:3 | Entered Level 3 of the Shoals
 25654 | Shoals:3 | Reached XP level 18. HP: 101/108 MP: 32/36
 25981 | Shoals:3 | Got a barnacled rune of Zot
 26028 | Shoals:3 | Reached skill level 10 in Conjurations
 26043 | Shoals:3 | Identified the +4 glaive of Ywniam {chop, +Rage Dex+3}
 26697 | Elf:1    | Entered Level 1 of the Elven Halls
 26790 | Elf:1    | Noticed a Shadow Fiend
 26979 | Elf:1    | Found Podam's Book Emporium.
 26986 | Elf:1    | Found Baluatex's Weapon Shoppe.
 26988 | Elf:1    | Found Koxkuesch's Assorted Antiques.
 27327 | Elf:1    | Identified the ring "Itsolakh" {Ice SInv}
 27458 | Elf:1    | Identified the +8 ring mail "Mobbiasch" {rPois rC- rN+}
 27634 | Elf:1    | Identified the cursed +1 ring mail of the Kettle-Drum {rN+
                  | MR+}
 27868 | Elf:2    | Reached skill level 15 in Spellcasting
 28254 | Elf:2    | Found a huge runed gate.
 28254 | Elf:2    | Found a huge runed gate.
 28254 | Elf:2    | Found a huge runed gate.
 28264 | Elf:2    | Found a huge runed gate.
 28270 | Elf:2    | Found a huge runed gate.
 28488 | Elf:3    | Entered Level 3 of the Elven Halls
 28555 | Elf:3    | Found a magical portal.
 28559 | WizLab   | Entered Doroklohe's Tomb
 28654 | WizLab   | Noticed an ancient lich
 28664 | WizLab   | Killed an ancient lich
 28783 | WizLab   | Identified the +2 pair of boots "Jaox" {rElec MP+9 Int+3}
 28800 | WizLab   | Identified the +0 helmet of Peudenewau {MR++ Dex+5 Stlth-}
 28849 | WizLab   | Identified the +1 helmet of the Clam {rC+ Str+4 Dex+4}
 28954 | WizLab   | Identified the +0 scale mail of Mientet {Str+5}
 29154 | Elf:3    | Reached XP level 19. HP: 115/115 MP: 38/38
 29602 | Elf:3    | Found a shimmering blue altar of Sif Muna.
 29927 | Elf:3    | Identified the +6 morningstar of Purpose {flame, Stlth+}
 29927 | Elf:3    | Identified the ring of Bocaa {+Fly rN+ Stlth+}
 29945 | Elf:3    | Identified the +12 trident "Kiang" {pierce, Dex+5 Stlth+}
 29966 | Elf:3    | Noticed a Shadow Fiend
 29970 | Elf:3    | Reached skill level 10 in Ice Magic
 30085 | Elf:3    | Identified the +7 broad axe of Equivalence {drain, rPois}
 30087 | Elf:3    | Identified the +2 war axe of Wodec {chaos, rPois Str+2}
 30087 | Elf:3    | Identified the ring of Yqur {EV+3 Int+4}
 30398 | Elf:3    | Identified the ring "Saecwiys" {rElec MR+ AC+3 Stlth+} (You
                  | acquired it on level 3 of the Elven Halls)
 30399 | Elf:3    | Found the +0 pair of fencer's gloves {Riposte Dex+6}
 30515 | Elf:3    | Identified the amulet "Siok" {Inacc rPois}
 30533 | Elf:3    | Identified the Compendium of Glacial Poisoning
 30537 | Elf:3    | Identified the amulet of the Equinox {Inacc *Contam Str+4
                  | Dex+2}
 30632 | Elf:3    | Identified the cursed +0 chain mail of Ru's Delight {Int+2
                  | Dex+4 Stlth+}
 30992 | Vaults:1 | Entered Level 1 of the Vaults
 30992 | Vaults:1 | Found a flickering gateway to a bazaar.
 30996 | Bazaar   | Entered a bazaar
 30996 | Bazaar   | Found Ytahitz's Magic Scroll Emporium.
 30996 | Bazaar   | Found Araud's Magic Scroll Shoppe.
 30996 | Bazaar   | Found Uhihuapp's General Store.
 30998 | Bazaar   | Found Hyusat's Book Shoppe.
 31009 | Bazaar   | Bought a scroll of magic mapping for 45 gold pieces
 31009 | Bazaar   | Bought a scroll of magic mapping for 45 gold pieces
 31014 | Bazaar   | Bought a scroll of acquirement for 884 gold pieces
 31014 | Bazaar   | Bought a scroll of magic mapping for 59 gold pieces
 31014 | Bazaar   | Identified the +3 chain mail of Courage {rF+ MR- Int+3}
                  | (You acquired it in a bazaar)
 31014 | Bazaar   | Identified the Grimoire of the Nocuous Compass (You
                  | acquired it in a bazaar)
 31022 | Bazaar   | Bought a book of Power for 550 gold pieces
 31022 | Bazaar   | Bought a book of the Sky for 715 gold pieces
 31025 | Bazaar   | Bought a scroll of blinking for 82 gold pieces
 31025 | Bazaar   | Bought a scroll of teleportation for 33 gold pieces
 31031 | Bazaar   | Bought a scroll of torment for 97 gold pieces
 31031 | Bazaar   | Bought a scroll of silence for 97 gold pieces
 31036 | Bazaar   | Bought a scroll of enchant armour for 127 gold pieces
 31068 | Vaults:1 | Found a portal to a secret trove of treasure.
 31243 | Vaults:1 | Found Tanususo's Antique Weapon Shop.
 31260 | Vaults:1 | Found Cesice's Gadget Emporium.
 31341 | Vaults:1 | Noticed Nikola
 31367 | Vaults:1 | Killed Nikola
 32187 | Vaults:1 | Found a staircase to the Crypt.
 32187 | Vaults:1 | Found a basalt altar of Yredelemnul.
 32187 | Vaults:1 | Found an ancient bone altar of Kikubaaqudgha.
 32353 | Vaults:2 | Gained mutation: Your movements are significantly less
                  | encumbered by armour. (ER -6) [Skeleton growth]
 32353 | Vaults:2 | Reached XP level 20. HP: 121/121 MP: 40/40
 32646 | Vaults:2 | Reached skill level 15 in Shields
 32668 | Vaults:2 | Identified the +5 shortbow of Gontolen {venom, Str+7 SInv}
 32688 | Vaults:2 | Noticed Bai Suzhen
 32699 | Vaults:2 | Killed Bai Suzhen
 32911 | Vaults:2 | Noticed Saint Roka
 32935 | Vaults:2 | Killed Saint Roka
 33205 | Vaults:2 | Learned a level 4 spell: Airstrike
 33838 | Vaults:3 | Entered Level 3 of the Vaults
 33838 | Vaults:3 | Noticed a juggernaut
 33867 | Vaults:3 | Killed a juggernaut
 33868 | Vaults:3 | Reached XP level 21. HP: 86/127 MP: 36/41
 34154 | Vaults:3 | Identified the +6 hand axe of the Poles {freeze, +Rage
                  | Dex+5}
 34368 | Vaults:3 | Identified the +1 plate armour "Daebut" {rF+ rC+}
 34384 | Vaults:3 | Reached skill level 10 in Invocations
 34738 | Vaults:3 | Identified the cursed +1 plate armour of Conscience {rElec
                  | rN+ Str+5}
 34739 | Vaults:3 | Identified the +1 robe of Compression {rF+}
 34755 | Vaults:3 | Identified the +4 chain mail "Cesost" {rC- Int+4 SInv}
 34878 | Vaults:3 | Identified the +11 scimitar of the Extremes {drain, Str+4
                  | Dex+4}
 34935 | Vaults:3 | Identified the amulet of Yjaheugh {RegenMP rElec Str+5}
 35010 | Vaults:3 | Reached skill level 10 in Evocations
 35048 | Vaults:3 | Found Asuqecio's Antique Armour Shoppe.
 35104 | Vaults:3 | Reached XP level 22. HP: 134/134 MP: 43/43
 35216 | Vaults:3 | Got a silver rune of Zot
 35217 | Vaults:3 | Identified the Catalogue of Toxins
 35229 | Vaults:3 | Reached skill level 1 in Short Blades
 35361 | Vaults:3 | Identified Sishyiz's Handbook of Destructive Clay
 35391 | Vaults:3 | Noticed a juggernaut
 35406 | Vaults:3 | Killed a juggernaut
 36026 | Vaults:3 | Found Asuqecio's Antique Armour Shoppe.
 36444 | Crypt:1  | Entered Level 1 of the Crypt
 37173 | Crypt:1  | Found a basalt altar of Yredelemnul.
 37313 | Crypt:2  | Entered Level 2 of the Crypt
 37559 | Crypt:2  | Reached skill level 10 in Throwing
 37700 | Crypt:2  | Noticed a curse toe
 37727 | Crypt:2  | Killed a curse toe
 37729 | Crypt:2  | Found a basalt altar of Yredelemnul.
 37753 | Crypt:2  | Found an ancient bone altar of Kikubaaqudgha.
 37782 | Crypt:2  | Identified the cursed +3 demon trident of Courage {venom,
                  | rPois Str+5 Stlth+}
 37822 | Crypt:2  | Identified the +1 hunting sling "Allappa" {freeze, rF+}
 37847 | Crypt:2  | Identified the +2 chain mail of the Spheres {rElec rC+
                  | SInv}
 37993 | Crypt:2  | Identified the cursed +2 spear of Afiwetauf {vamp, rF+ rN++
                  | Dex+2}
 38192 | Crypt:2  | Found a staircase to the Tomb.
 38452 | Depths:1 | Entered Level 1 of the Depths
 38650 | Depths:1 | Reached XP level 23. HP: 140/140 MP: 18/45
 38681 | Depths:1 | Reached skill level 5 in Short Blades
 39051 | Depths:1 | Found a gateway to Hell.
 39381 | Depths:1 | Found a shattered altar of Ashenzari.
 39872 | Depths:3 | Found a one-way gate leading to the halls of Pandemonium.
 39953 | Depths:3 | Found a gateway to a ziggurat.
 40230 | Depths:2 | Found Qoxaxun's Food Boutique.
 40415 | Depths:2 | Identified the cursed +2 giant club "Bummieg" {protect,
                  | *Corrode rN++ Int+4}
 40415 | Depths:2 | Identified the +3 giant club of Summer {venom, *Drain rElec
                  | rF++ Str+9}
 40488 | Depths:2 | Identified the +2 faerie dragon scales {rCorr MP+1 Str+7}
 40488 | Depths:2 | Noticed the Enchantress
 40505 | Depths:2 | Killed the Enchantress
 41639 | Depths:2 | Reached XP level 24. HP: 147/147 MP: 45/45
 42104 | Bazaar   | Entered a bazaar
 42104 | Bazaar   | Found Losemm's Assorted Antiques.
 42104 | Bazaar   | Found Giugaopn's Assorted Antiques.
 42129 | Bazaar   | Found Omimowek's Distillery.
 42135 | Bazaar   | Found Muceskuq's Antique Weapon Shop.
 42144 | Bazaar   | Found Fyapnykhai's Food Emporium.
 42159 | Bazaar   | Bought the +16 sapphire dagger {flash freeze, rF- rC++ MR+}
                  | for 2722 gold pieces
 42159 | Bazaar   | Found the +16 sapphire dagger {flash freeze, rF- rC++ MR+}
 42192 | Bazaar   | Bought a scroll of enchant armour for 217 gold pieces
 42203 | Bazaar   | Bought 3 scrolls of teleportation for 252 gold pieces
 42203 | Bazaar   | Bought a sack of spiders for 840 gold pieces
 42203 | Bazaar   | Bought a wand of digging (12) for 280 gold pieces
 42669 | Pan      | Entered Pandemonium
 42789 | Pan      | Noticed a golden dragon
 42795 | Pan      | Noticed a golden dragon
 42832 | Pan      | Noticed Cimephir the pandemonium lord
 43016 | Pan      | Killed from afar by a Hell Sentinel

Skill      XL: |  1  2  3  4  5  6  7  8  9 10 11 12 13 14 15 16 17 18 19 20 21 22 23 24 |
---------------+-------------------------------------------------------------------------+-----
Maces & Flails | 2 3 4 |  4.7
Armour         | 1 2 3 4 5 6 7 8 9 10 11 12 13 | 13.3
Stealth        | 4 5 6 7 8 9 10 11 | 11.5
Spellcasting   | 1 2 3 4 5 6 7 8 9 10 12 13 14 15 16 17 18 | 18.8
Fighting       | 2 3 4 5 6 7 8 9 10 11 12 13 | 13.8
Dodging        | 4 5 6 7 8 9 10 11 12 | 12.5
Long Blades    | 3 5 7 9 10 12 13 14 15 16 17 18 | 18.7
Invocations    | 1 2 3 4 5 6 7 8 9 10 11 | 11.0
Evocations     | 1 2 3 4 5 6 7 8 9 10 | 10.9
Conjurations   | 1 3 4 5 6 7 8 9 10 11 12 13 | 13.6
Ice Magic      | 1 2 3 4 5 6 7 8 9 10 11 12 | 12.6
Throwing       | 1 3 4 5 6 7 8 9 10 | 10.7
Shields        | 4 6 8 10 11 13 14 15 16 17 18 | 18.8
Air Magic      | 1 2 3 4 5 6 7 8 9 |  9.1
Short Blades   | 4 8 |  8.8

Action                   |  1- 3 |  4- 6 |  7- 9 | 10-12 | 13-15 | 16-18 | 19-21 | 22-24 || total
-------------------------+-------+-------+-------+-------+-------+-------+-------+-------++-------
Melee: Whip              |    72 |       |       |       |       |       |       |       ||    72
       Mace              |    62 |    20 |       |       |       |       |       |       ||    82
       Double sword      |       |    62 |   186 |   414 |   919 |  1118 |   939 |   907 ||  4545
       Scimitar          |       |       |       |       |     7 |    40 |       |       ||    47
 Fire: Blowgun           |     2 |     4 |       |    72 |       |     5 |    14 |       ||    97
Throw: Tomahawk          |       |       |       |    13 |     2 |       |       |       ||    15
       Javelin           |       |       |       |       |     1 |    14 |    53 |    59 ||   127
 Cast: Throw Frost       |       |       |     4 |    47 |    86 |       |       |       ||   137
       Throw Icicle      |       |       |       |    22 |    72 |   154 |   141 |    61 ||   450
       Airstrike         |       |       |       |       |       |       |    16 |    69 ||    85
       Ozocubu's Refrige |       |       |       |       |       |       |       |    22 ||    22
Invok: Bend Time         |       |       |       |       |     1 |     1 |       |       ||     2
       Defer             |       |       |       |       |     1 |       |       |       ||     1
       Step From Time    |       |       |       |       |       |     1 |       |       ||     1
       Temporal Distorti |       |       |       |       |       |       |     1 |       ||     1
 Abil: Evoke Flight      |       |       |       |       |     1 |       |       |       ||     1
Evoke: Phial of floods   |       |       |       |       |       |     1 |       |       ||     1
       Wand              |       |       |       |       |       |       |       |     1 ||     1
  Use: Scroll            |       |     3 |     3 |     8 |    14 |    10 |    10 |     4 ||    52
 Stab: Sleeping          |     6 |       |     2 |    10 |    20 |     8 |    13 |     6 ||    65
       Distracted        |       |       |     1 |       |     5 |     2 |     3 |     3 ||    14
       Petrified         |       |       |       |       |     2 |       |       |       ||     2
       Confused          |       |       |       |       |       |       |       |     3 ||     3
Armor: Robe              |    41 |       |       |       |       |       |       |       ||    41
       Chain mail        |     9 |    46 |    91 |     3 |       |       |       |       ||   149
       Plate armour      |       |       |       |    62 |    53 |   313 |   107 |   114 ||   649
       Scale mail        |       |       |       |    76 |   247 |       |       |       ||   323
Dodge: Dodged            |   108 |    50 |    91 |   315 |   527 |   423 |   381 |   390 ||  2285
Block: Other             |       |       |     8 |    78 |    17 |       |       |       ||   103
       Medium shield     |       |       |       |       |  1115 |  1489 |  1459 |  1419 ||  5482
       Reflection        |       |       |       |       |       |    41 |   106 |    88 ||   235
       Rpst.: Double sword |       |       |       |       |       |       |   114 |   126 ||   240
